 Dungeon Crawl Stone Soup version 0.29-a0-100-g60f898f876 (webtiles) character file.

Game seed: 18200140125037853895

464 kae the Ruffian (level 6, -4/50 HPs)
             Began as a Draconian Transmuter on Feb 14, 2022.
             Slain by an orc (15 damage)
             ... on level 4 of the Dungeon.
             The game lasted 00:04:29 (4897 turns).

kae the Ruffian (Draconian Transmuter)              Turns: 4897, Time: 00:04:30

Health: -4/50      AC:  6    Str: 12    XL:     6   Next: 80%
Magic:  10/10      EV: 12    Int: 16    God:
Gold:   257        SH:  0    Dex: 11    Spells: 2/10 levels left

rFire   . . .      SeeInvis .     - Unarmed
rCold   . . .      Faith    .   (no shield)
rNeg    . . .      Spirit   .   (armour unavailable)
rPois   .          Reflect  .   (helmet currently unavailable)
rElec   .          Harm     .   (no cloak)
rCorr   .          Rampage  .   (no gloves)
Will    .....                   (boots currently unavailable)
Stlth   +.........              (no amulet)
HPRegen 0.16/turn               (no ring)
MPRegen 0.12/turn               (no ring)

@: appendages (expiring)
A: horns 2, talons 2, AC +6, unfitting armour, cold-blooded
a: End Transformation


You were on level 4 of the Dungeon.
You had temporarily grown beastly horns and talons.
You visited 1 branch of the dungeon, and saw 5 of its levels.
You also visited: Sewer.

You collected 257 gold pieces.

Inventory:

Wands
 f - a wand of iceblast (3)
Scrolls
 a - 2 scrolls of blinking
 d - 2 scrolls of enchant armour
 e - 2 scrolls of vulnerability
 i - 2 scrolls of identify
Potions
 b - 3 potions of heal wounds
 c - 2 potions of degeneration
 h - 2 potions of curing


   Skills:
 + Level 2.6 Fighting
 + Level 2.8 Dodging
 * Level 4.6 Unarmed Combat
 + Level 2.9 Spellcasting
 * Level 3.9 Transmutations
 * Level 1.3 Ice Magic
 - Level 2.0 Poison Magic


You had 2 spell levels left.
You knew the following spells:

 Your Spells              Type           Power      Damage    Failure   Level
a - Beastly Appendage     Tmut           28%        N/A       3%          1
b - Spider Form           Tmut/Pois      11%        N/A       17%         3
c - Ice Form              Ice/Tmut       10%        N/A       54%         4

Your spell library contained the following spells:

 Spells                   Type           Power      Damage    Failure   Level
 Wereblood                Tmut           14%        N/A       5%          2
 Ozocubu's Armour         Ice            6%         N/A       32%         3
 Ozocubu's Refrigeration  Ice            3%         4d5       100%        7


Dungeon Overview and Level Annotations

Branches:
Dungeon (5/15)              Sewer (visited)
 Temple: D:4-7

Altars:
Beogh


Innate Abilities, Weirdness & Mutations

You have temporarily grown beastly horns and talons.
Your plain brown scales are hard. (AC +6)
You cannot fit into any form of body armour.
You are cold-blooded and may be slowed by cold attacks.


Message History

The jelly barely misses you. The hound bites you but does no damage.
You closely miss the hound. You claw the hound. Your headbutt misses the hound.
The hound is severely wounded.
The hound bites you. The orc barely misses you. The jelly closely misses you.
An orc comes into view. It is wielding a +0 flail.
An orc warrior comes into view. It is wielding a +2 vorpal flail.
The centaur closely misses you.
The centaur kicks you but does no damage.
You are too injured to fight recklessly!
An orc comes into view. It is wielding a +0 club.
The orc shouts!
The orc warrior shouts!
The hound bites you but does no damage. The centaur hits you.
The centaur closely misses you. The hound bites you but does no damage.
The orc moves out of view.
The centaur wields a +0 shortbow.
The centaur shoots an arrow.
The arrow hits you!
The orc wizard points at you and mumbles some strange words.
You are confused.
An orc comes into view. It is wielding a +0 falchion.
The orc shouts!
There is a stone staircase leading up, spattered with blood here.
The hound bites you. The hound bites you but does no damage.
You climb upwards.
There is a stone staircase leading down here.
You can't go up here!
You can't go up here!
Your transformation is almost over.
The hound bites you.
* * * LOW HITPOINT WARNING * * *
You bump into the rock wall.
The hound closely misses you. The orc closely misses you.
The hound bites you but does no damage.
You bump into the rock wall.
You feel less confused. The orc completely misses you.
The hound closely misses you.
You hit the hound. You claw the hound.
You kill the hound!
The orc hits you with a +0 hand axe of electrocution.
* * * LOW HITPOINT WARNING * * *
You are electrocuted!
You die...

#####################
#.................)..
#.###################
#.# # #.#############
# #.##..........# #
#.##..........#######
#.##@o...............
#.##..........#######
#.###+###.##### #..
#.###.###.#########.#
#..†..........)......
###################.#
#.# #.# #.#


You could see an orc.

Vanquished Creatures
  A bullfrog (Sewer)
  2 hounds (D:4)
  2 orc priests (D:4)
  2 iguanas (D:4)
  2 orc wizards (D:4)
  5 adders
  4 gnolls (D:2)
  4 worms
  2 dart slugs
  7 orcs (D:4)
  19 endoplasms
  9 giant cockroaches
  6 goblins
  4 hobgoblins
  4 jackals (D:4)
  6 kobolds
  5 quokkas (Sewer)
  14 ball pythons
  A bat (D:3)
  9 frilled lizards
  A jackal skeleton (D:4)
  3 rats
112 creatures vanquished.

Vanquished Creatures (others)
  18 plants (D:3)
18 creatures vanquished.

Grand Total: 130 creatures vanquished

Notes
Turn   | Place    | Note
-------+----------+-------------------------------------------
     0 | D:1      | kae the Draconian Transmuter began the quest for the Orb.
     0 | D:1      | Reached XP level 1. HP: 16/16 MP: 3/3
   124 | D:1      | Found a faded altar of an unknown god.
   566 | D:1      | Reached XP level 2. HP: 21/23 MP: 3/5
  1051 | D:2      | Reached XP level 3. HP: 20/28 MP: 4/6
  1055 | D:2      | Learned a level 3 spell: Spider Form
  1496 | D:2      | Reached skill level 1 in Poison Magic
  1496 | D:2      | Reached XP level 4. HP: 24/36 MP: 3/7
  2271 | D:3      | Found a glowing drain.
  2291 | Sewer    | Entered a sewer
  2649 | Sewer    | Reached XP level 5. HP: 30/41 MP: 4/8
  3285 | Sewer    | Reached skill level 4 in Unarmed Combat
  4047 | D:4      | Reached XP level 6. HP: 44/48 MP: 8/10
  4052 | D:4      | Learned a level 4 spell: Ice Form
  4369 | D:4      | Reached skill level 1 in Ice Magic
  4880 | D:5      | Entered Level 5 of the Dungeon
  4889 | D:5      | Noticed an orc warrior
  4897 | D:4      | Slain by an orc

Illustrated notes

Levels and vault maps discovered:
D:1:      ebering_trefoil_twist, layout_basic, ebering_ecumenical_altar_box,
          serial_co_window_serial, co_window_of_opportunity_a,
          co_window_corner_a, co_window_paths_b, co_window_paths_a,
          co_window_paths_b, co_window_paths_a, co_window_corner_a,
          co_window_paths_b, co_window_of_opportunity_a, co_window_corner_b,
          co_window_corner_b, co_window_broadway_c, co_window_unsneaky_path_d,
          co_window_paths_c, co_window_paths_d, glass_columns_b,
          glass_columns_b, glass_columns_b, glass_columns_c
D:2:      layout_basic
D:3:      layout_rooms, cheibrodos_sewer_entry_sluice,
          chequers_serial_rivers_small_b, minmay_misc_feat_roman,
          serial_bayou_lake_a
D:4:      layout_basic, kennysheep_orc_chapel
D:5:      layout_basic, pf_guarded_unrand_meek, uniq_grinder, uniq_menkaure

Skill      XL: |  1  2  3  4  5  6 |
---------------+-------------------+-----
Dodging        | 2 |  2.8
Poison Magic   | 1 2 |  2.0
Fighting       | 2 |  2.6
Transmutations | 3 |  3.9
Unarmed Combat | 4 |  4.6
Ice Magic      | 1 |  1.3
Spellcasting   | |  2.9

Action                   |  1- 3 |  4- 6 || total
-------------------------+-------+-------++-------
Melee: Unarmed           |    94 |   290 ||   384
       Headbutt          |    12 |    14 ||    26
       Tailslap          |    10 |    16 ||    26
       Kick              |    11 |    33 ||    44
       Punch             |     3 |     3 ||     6
 Cast: Beastly Appendage |    19 |    31 ||    50
       Spider Form       |     1 |     8 ||     9
  Use: Scroll            |     3 |     7 ||    10
 Stab: Sleeping          |     2 |       ||     2
Armor: Skin              |    28 |    98 ||   126
Dodge: Dodged            |    63 |   214 ||   277

Table legend: (Time is in decaauts)
 A = Elapsed time spent in this place.
 B = Non-inter-level travel time spent in this place.
 C = Inter-level travel time spent in this place.
 D = Time resting spent in this place.
 E = Time spent auto-exploring this place.
 F = Levels seen in this place.
 G = Mean time per level.
                   A        B        C        D        E       F      G
               +--------+--------+--------+--------+--------+-----+--------+
         Total |   4989 |   4894 |     95 |    742 |   3217 |   6 |  831.5 |
       Dungeon |   3725 |   3630 |     95 |    254 |   2718 |   5 |  745.0 |
         Sewer |   1263 |   1263 |      0 |    488 |    499 |   1 | 1263.0 |
               +--------+--------+--------+--------+--------+-----+--------+

Top non-repeatable levels by time:
   Sewer: 1263 daAuts
     D:1: 1158 daAuts
     D:2: 1038 daAuts
     D:4: 863 daAuts
     D:3: 653 daAuts
     D:5: 12 daAuts
